 Dungeon Crawl Stone Soup version 0.29-a0-330-g52719c12eb (webtiles) character file.

Game seed: 11173611148469486438

732 kae the Firebug (level 7, -2/50 HPs)
             Began as a Demigod Fire Elementalist on May 28, 2022.
             Slain by a gnoll
             ... wielding a +0 flail
              (4 damage)
             ... on level 4 of the Dungeon.
             The game lasted 00:04:03 (5092 turns).

kae the Firebug (Demigod Fire Elementalist)         Turns: 5092, Time: 00:04:04

Health: -2/50      AC:  3    Str:  6 (9)  XL:     7   Next: 21%
Magic:  10/15      EV: 12    Int: 22 (25) God:
Gold:   408        SH:  0    Dex: 13 (14) Spells: 3/12 levels left

rFire   . . .      SeeInvis .   k - +6 short sword (holy)
rCold   . . .      Faith    .   (no shield)
rNeg    . . .      Spirit   .   a - +1 robe
rPois   +          Reflect  .   (no helmet)
rElec   .          Harm     .   (no cloak)
rCorr   .          Rampage  .   (no gloves)
Will    .....                   (no boots)
Stlth   ++........              (no amulet)
HPRegen 0.16/turn               e - ring of poison resistance
MPRegen 0.14/turn               f - ring of wizardry

@: invisible
A: high MP 1, forlorn, divine attributes
a: no special abilities


You were on level 4 of the Dungeon.
You visited 1 branch of the dungeon, and saw 5 of its levels.
You also visited: Sewer.

You collected 408 gold pieces.

Inventory:

Hand Weapons
 k - a +6 short sword of holy wrath (weapon)
Armour
 a - a +1 robe (worn)
Jewellery
 e - a ring of poison resistance (left hand)
 f - a ring of wizardry (right hand)
Scrolls
 h - a scroll of brand weapon {unknown}
Potions
 b - a potion of invisibility
 c - a potion of curing
 d - a potion of resistance
 g - a potion of brilliance
 i - a potion of berserk rage
 j - 2 potions of degeneration


   Skills:
 - Level 1.7 Dodging
 - Level 1.7 Stealth
 + Level 3.4 Spellcasting
 * Level 4.7 Conjurations
 * Level 5.5 Fire Magic


You had 3 spell levels left.
You knew the following spells:

 Your Spells              Type           Power      Damage    Failure   Level
a - Foxfire               Conj/Fire      100%       2x1d9     1%          1
b - Scorch                Fire           56%        2d8       1%          2
c - Conjure Flame         Conj/Fire      26%        6-21      1%          3
d - Inner Flame           Hex/Fire       15%        N/A       4%          3

Your spell library contained the following spells:

 Spells                   Type           Power      Damage    Failure   Level
 Beastly Appendage        Tmut           6%         N/A       4%          1
 Wereblood                Tmut           3%         N/A       8%          2
 Spider Form              Tmut/Pois      3%         N/A       14%         3
 Flame Wave               Conj/Fire      26%        2d7       6%          4


Dungeon Overview and Level Annotations

Branches:
Dungeon (5/15)              Sewer (visited)
 Temple: D:4-7


Innate Abilities, Weirdness & Mutations

You have an increased reservoir of magic. (+10% MP)
You shall have no god before yourself.
Your divine heritage dramatically boosts your attributes as you level up.


Message History

You conjure some foxfire!
The gnoll sergeant hits you from afar with a +0 spear!
The gnoll closely misses you.
The foxfire hits the gnoll.
The gnoll is moderately wounded.
The foxfire hits the scorpion!
The scorpion is heavily wounded.
The gnoll barely misses you.
The gnoll sergeant hits you from afar with a +0 spear!
* * * LOW HITPOINT WARNING * * *
The scorpion stings you but does no damage.
The scorpion stings you.
* * * LOW HITPOINT WARNING * * *
The gnoll sergeant closely misses you. The gnoll hits you with a +0 flail!
* * * LOW HITPOINT WARNING * * *
You climb upwards.
There is a stone staircase leading down here.
It was a potion of degeneration.
There was something very wrong with that liquid.
You feel weakened.
You feel dopey.
You feel clumsy. The gnoll closely misses you.
It was a potion of invisibility.
You fade into invisibility!
The gnoll barely misses you.
You feel better. The gnoll hits you with a +0 flail.
* * * LOW HITPOINT WARNING * * *
Casting: Foxfire (safe; 1% risk of failure)
Confirm with . or Enter, or press ? or * to list all spells.
Flames lash the scorpion.
The scorpion is severely wounded.
The scorpion's fire resistance burns away.
The gnoll hits you with a +0 flail.
* * * LOW HITPOINT WARNING * * *
The gnoll barely misses you.
Casting: Scorch (safe; 1% risk of failure)
Confirm with . or Enter, or press ? or * to list all spells.
Flames lash the gnoll.
The gnoll is severely wounded.
The gnoll's fire resistance burns away.
The gnoll hits you with a +0 flail.
You die...

#.##.......##........
#.#......#<.#.#######
#.#.####.#........# #.#.#
#.#..#.#.#.# #.#.# #.####.#.#.#
#.#.####......###.#
#.#...............#
#############.#################
..............sg@#
#'################ ..........#
..........# ..........#
....[.....# ..........#
..........# ..........#


You could see a scorpion (can't see you, combustible) and a gnoll (can't see
you, combustible).

Vanquished Creatures
  A water moccasin (Sewer)
  A black bear (D:4)
  A howler monkey (D:4)
  5 orc priests
  A hound (D:4)
  An iguana (D:4)
  3 orc wizards
  Natasha (thrice) (D:3)
  4 adders
  A worm (D:4)
  3 dart slugs
  17 orcs
  7 endoplasms
  3 giant cockroaches (D:3)
  4 goblins
  7 hobgoblins
  4 jackals
  4 kobolds
  6 quokkas
  A ball python (D:1)
  8 bats
  3 frilled lizards
  3 rats
91 creatures vanquished.

Vanquished Creatures (others)
  277 foxfires
277 creatures vanquished.

Grand Total: 368 creatures vanquished

Notes
Turn   | Place    | Note
-------+----------+-------------------------------------------
     0 | D:1      | kae the Demigod Fire Elementalist began the quest for the
                  | Orb.
     0 | D:1      | Reached XP level 1. HP: 14/14 MP: 5/5
    31 | D:1      | Reached skill level 1 in Conjurations
   615 | D:1      | Reached skill level 3 in Fire Magic
   615 | D:1      | Reached XP level 2. HP: 20/20 MP: 2/7
   618 | D:1      | Learned a level 2 spell: Scorch
  1470 | D:2      | Reached XP level 3. HP: 26/26 MP: 4/8
  1474 | D:2      | Learned a level 3 spell: Conjure Flame
  2193 | D:3      | Reached XP level 4. HP: 15/33 MP: 2/10
  2300 | D:3      | Noticed Natasha
  2309 | D:3      | Killed Natasha
  2310 | D:3      | Reached skill level 4 in Fire Magic
  2329 | D:3      | Reached XP level 5. HP: 5/38 MP: 3/11
  2360 | D:3      | Found a glowing drain.
  2376 | Sewer    | Entered a sewer
  2648 | Sewer    | Learned a level 3 spell: Inner Flame
  2650 | Sewer    | Noticed a water moccasin
  2659 | Sewer    | Killed a water moccasin
  2949 | D:2      | Reached XP level 6. HP: 19/45 MP: 4/13
  3375 | D:3      | Noticed Natasha
  3382 | D:3      | Killed Natasha
  3486 | D:3      | Noticed Natasha
  3490 | D:3      | Killed Natasha
  4045 | D:4      | Reached skill level 5 in Fire Magic
  4722 | D:4      | Reached XP level 7. HP: 39/50 MP: 11/15
  4890 | D:5      | Entered Level 5 of the Dungeon
  5085 | D:5      | HP: 1/50 [gnoll/+0 flail (10)]
  5090 | D:4      | HP: 2/50 [gnoll/+0 flail (6)]
  5092 | D:4      | Slain by a gnoll

Illustrated notes

Levels and vault maps discovered:
D:1:      minmay_arrival_solitary_statue, layout_basic,
          grunt_decor_mini_mirrors, minmay_liquid_box
D:2:      layout_basic
D:3:      layout_loops_ring, mainiacjoe_overflow_catwalk, gup_sewer_entry_pipe,
          uniq_natasha
D:4:      layout_basic, minitemple, kennysheep_orc_chapel
D:5:      layout_rooms, mainiacjoe_overflow_alcove_1

Skill      XL: |  1  2  3  4  5  6 |
---------------+-------------------+-----
Conjurations   | 1 2 3 4 |  4.7
Fire Magic     | 3 4 5 |  5.5
Spellcasting   | 2 3 |  3.4
Dodging        | |  1.7
Stealth        | |  1.7

Action                   |  1- 3 |  4- 6 |  7- 9 || total
-------------------------+-------+-------+-------++-------
Melee: Unarmed           |     3 |       |       ||     3
       Dagger            |    13 |     3 |       ||    16
 Cast: Foxfire           |    76 |    75 |    11 ||   162
       Scorch            |     3 |    26 |     5 ||    34
       Conjure Flame     |       |     3 |       ||     3
  Use: Scroll            |     3 |     2 |       ||     5
       Potion            |     2 |     1 |     3 ||     6
 Stab: Sleeping          |     3 |     1 |       ||     4
Armor: Robe              |     9 |     5 |     4 ||    18
       Skin              |    15 |     6 |       ||    21
Dodge: Dodged            |    25 |    30 |    11 ||    66

Table legend: (Time is in decaauts)
 A = Elapsed time spent in this place.
 B = Non-inter-level travel time spent in this place.
 C = Inter-level travel time spent in this place.
 D = Time resting spent in this place.
 E = Time spent auto-exploring this place.
 F = Levels seen in this place.
 G = Mean time per level.
                   A        B        C        D        E       F      G
               +--------+--------+--------+--------+--------+-----+--------+
         Total |   5104 |   4952 |    152 |    924 |   3114 |   6 |  850.7 |
       Dungeon |   4699 |   4547 |    152 |    625 |   3063 |   5 |  939.8 |
         Sewer |    404 |    404 |      0 |    299 |     51 |   1 |  404.0 |
               +--------+--------+--------+--------+--------+-----+--------+

Top non-repeatable levels by time:
     D:4: 1289 daAuts
     D:2: 1271 daAuts
     D:3: 1164 daAuts
     D:1: 947 daAuts
   Sewer: 404 daAuts
     D:5: 26 daAuts
